 Dungeon Crawl Stone Soup version bcrawl-1.40.3b (webtiles) character file.

Game seed: 5598396266934070483

322929 tauben the Basher (level 10, -3/154 HPs)
             Began as an Ent Archaeologist on Mar 16, 2024.
             Was a Believer of Qazlal.
             Slain by an orc warlord
             ... wielding a +0 dire flail
              (21 damage)
             ... in a bailey.
             The game lasted 00:27:38 (7902 turns).

tauben the Basher (Ent Archaeologist)               Turns: 7902, Time: 00:27:39

Health: -3/154     AC: 18    Str: 28    XL:     10   Next: 33%
Magic:  4/12       EV:  8    Int: 14    God:    Qazlal [**....]
Gold:   456        SH: 21    Dex:  8    Spells: 9/9 levels left

rFire    . . .     GDR:     29% a - +0 whip
rCold    . . .     SeeInvis .   f - +0 large shield {reflect}
rNeg     + + +     Gourm    .   (armour unavailable)
rPois    +         Faith    .   c - +1 hat
rElec    +         Spirit   .   (no cloak)
rCorr    .         Reflect  +   (gloves unavailable)
MR       +....                  (boots unavailable)
Stlth    ..........             k - amulet of rage
HPRegen  0.35/turn              n - ring of insulation
MPRegen  0.13/turn              r - +3 ring of evasion

@: berserking, quick
A: large, slow actions, passwall, strong branches, negative energy resistance 3,
poison resistance, slow metabolism 1, torment resistance, unbreathing, AC +17
a: Passwall, Upheaval, Renounce Religion, Evoke Berserk Rage


You were in a bailey.
You worshipped Qazlal.
Qazlal was pleased with you.
You were very hungry.

You visited 2 branches of the dungeon, and saw 9 of its levels.
You also visited: Bailey.

You collected 456 gold pieces.

Inventory:

Hand Weapons
 a - a +0 whip (weapon)
 b - a +0 blowgun
Missiles
 d - 2 curare-tipped needles
 j - 2781 stones (quivered)
 s - 156 poisoned needles
 x - 26 needles of frenzy {=f}
Armour
 c - a +1 hat (worn)
 f - a +0 large shield of reflection (worn)
Jewellery
 h - an uncursed ring of ice
 k - an amulet of rage (around neck)
 n - a ring of insulation (left hand)
 r - a +3 ring of evasion (right hand)
 z - the ring of the Death Scarab {rF- Str+3 SInv Stlth--}
   (You found it on level 7 of the Dungeon)

   [ring of attention]

   It affects your strength (+3).
   It makes you vulnerable to fire.
   It lets you see invisible.
   It makes you much less stealthy.
 B - the ring of Brilliance {+Fly Int+2}
   (You found it on level 7 of the Dungeon)

   [ring of flight]

   It affects your intelligence (+2).
   It lets you fly.
Wands
 u - a wand of random effects (10)
Scrolls
 i - a scroll of fear {unknown}
 l - a scroll of fog {unknown}
 m - 3 scrolls of amnesia
 o - 5 scrolls of teleportation
 p - a scroll of immolation {unknown}
 q - 2 scrolls of remove curse
 y - a scroll of noise {unknown}
Comestibles
 g - a chunk of flesh


   Skills:
 - Level 5.0 Fighting
 - Level 12.0 Maces & Flails
 - Level 2.6 Dodging
 - Level 4.0 Stealth
 - Level 8.0 Shields
 + Level 3.6 Evocations


You had 9 spell levels left.
You didn't know any spells.
Your spell library was empty.

Dungeon Overview and Level Annotations

Branches:
Dungeon (8/12)             Temple (1/1) D:5            Lair (0/6) D:8
    Orc: D:8-11

Altars:
Cheibriados
Dithmenos
Elyvilon
Fedhas
Gozag
Hepliaklqana
Lugonu
Makhleb
Nemelex Xobeh
Okawaru
Qazlal
Ru
Sif Muna
Trog
Uskayaw
Vehumet
Wu Jian
Xom
Yredelemnul
Zin
The Shining One

Shops:
D:4 *(:[[

Annotations:
D:6 1 runed translucent door, yrara's ghost, novice DsFi


Innate Abilities, Weirdness & Mutations

You move and act slowly.
You can pass through walls and trees.
Your branches can wield two-handed weapons with a shield.
Your thick bark is tough. (AC +17)
You are too large for most types of armour.
You are immune to negative energy. (rN+++)
Your system is resistant to poisons. (rPois)
You have a slow metabolism.
You are immune to unholy pain and torment.
You can survive without breathing.


Message History

The orc warlord is moderately wounded.
You block the orc warlord's attack.
You hit the orc warlord.
The orc warlord is moderately wounded.
An orc warrior comes into view. It is wielding a +4 war axe.
You block the goblin's attack.
A hobgoblin comes into view. It is wielding a +0 war axe.
You barely miss the orc warlord.
The orc warlord is moderately wounded.
The orc warrior shouts!
The orc warlord roars a battlecry!
The orc warrior goes into a battle-frenzy!
The goblin closely misses you.
You whack the orc warlord!
The orc warlord is heavily wounded.
You are feeling very hungry.
You closely miss the orc warlord.
The orc warlord is heavily wounded.
The orc warlord hits you with a +0 dire flail!!
You die...

♣........♣♣
♣)........♣♣
♣♣....∩.....♣
♣...........♣
♣♣....∩....♣♣
♣.........♣
♣........♣♣
♣♣##'''##♣
##@)...##
#)go....#
##)))....##
#.))))....#
##.).......#
#..)..⌠.....#
##o.......g##
.'.........'.
...##.......##.


You could see an orc warlord, an orc warrior, a hobgoblin and a goblin.

Vanquished Creatures
  A rakshasa (D:7)
  A yak (D:6)
  A hungry ghost (D:6)
  2 crocodiles
  A warg (Bailey)
  A water moccasin (D:7)
  2 sky beasts
  5 ice beasts
  2 black bears
  2 phantoms (D:5)
  9 orc warriors
  3 necrophages
  3 ogres
  A kobold brigand (D:7)
  A water moccasin zombie (D:5)
  A scorpion (D:7)
  3 wights
  A crimson imp (D:6)
  5 orc priests (D:6)
  A hound (D:8)
  A gnoll shaman (D:6)
  An iguana (D:6)
  6 orc wizards
  4 worker ants
  Terence (D:2)
  2 hound skeletons (D:5)
  11 gnolls
  6 adders
  A shadow imp (D:7)
  An ooze (D:2)
  An adder skeleton (D:7)
  2 worms
  2 dart slugs
  A leopard gecko (D:5)
  40 orcs
  2 giant cockroaches (D:2)
  21 goblins
  16 hobgoblins
  5 jackals
  12 kobolds
  2 quokkas
  2 bats (D:2)
  3 frilled lizards
  A jackal skeleton (D:5)
  A quokka skeleton (D:4)
  3 rats
194 creatures vanquished.

Vanquished Creatures (others)
  An orc warrior (D:7)
  2 centaurs
3 creatures vanquished.

Grand Total: 197 creatures vanquished

Notes
Turn   | Place    | Note
-------+----------+-------------------------------------------
     0 | D:1      | tauben the Ent Archaeologist began the quest for the Orb.
     0 | D:1      | Reached XP level 1. HP: 21/21 MP: 1/1
   260 | D:1      | Reached skill level 2 in Maces & Flails
   260 | D:1      | Reached XP level 2. HP: 24/29 MP: 2/2
  1277 | D:2      | Reached skill level 3 in Maces & Flails
  1283 | D:2      | Noticed Terence
  1290 | D:2      | Killed Terence
  1291 | D:2      | Reached XP level 3. HP: 36/36 MP: 3/3
  1305 | D:2      | Found a basalt altar of Yredelemnul.
  1406 | D:2      | Reached skill level 4 in Maces & Flails
  1586 | D:2      | Found a white marble altar of Elyvilon.
  1702 | D:2      | Reached XP level 4. HP: 43/46 MP: 4/4
  2276 | D:3      | Found a sacrificial altar of Ru.
  2385 | D:3      | Found a radiant altar of Vehumet.
  3090 | D:4      | Noticed a crocodile
  3092 | D:4      | Killed a crocodile
  3093 | D:4      | Reached XP level 5. HP: 60/60 MP: 5/5
  3093 | D:4      | Identified a scroll of acquirement
  3194 | D:4      | Reached skill level 5 in Fighting
  3203 | D:4      | Reached skill level 1 in Shields
  3439 | D:4      | Reached XP level 6. HP: 64/71 MP: 6/6
  3503 | D:4      | Found Nuorr's Assorted Antiques.
  3509 | D:4      | Found Puogg's Book Shoppe.
  3552 | D:4      | Found Agho's Weapon Shop.
  3556 | D:4      | Found a shimmering blue altar of Sif Muna.
  3583 | D:4      | Found Naimiwna's Armour Shop.
  3614 | D:4      | Found Yphothat's Armour Shoppe.
  3699 | D:5      | Entered Level 5 of the Dungeon
  3709 | D:5      | Noticed a sky beast
  3742 | D:5      | Reached XP level 7. HP: 36/78 MP: 7/7
  3814 | D:5      | Found a staircase to the Ecumenical Temple.
  3861 | Temple   | Entered the Ecumenical Temple
  4045 | Temple   | Became a worshipper of Qazlal Stormbringer
  4320 | D:5      | HP: 2/76 [phantom (4)]
  4330 | D:5      | HP: 2/78 [phantom (6)]
  4590 | D:5      | Reached skill level 5 in Shields
  4707 | D:5      | Reached XP level 8. HP: 41/86 MP: 8/8
  5514 | D:6      | Got a slimy graven amulet
  5515 | D:6      | Identified the cursed amulet "Xutucruaps" {Inacc rPois}
                  | (You found it on level 6 of the Dungeon)
  5569 | D:6      | Reached skill level 5 in Maces & Flails
  5697 | D:6      | Reached XP level 9. HP: 92/95 MP: 9/9
  5800 | D:6      | Reached skill level 6 in Maces & Flails
  5942 | D:6      | Found a glowing silver altar of Zin.
  5942 | D:6      | Found a snail-covered altar of Cheibriados.
  5996 | D:6      | Reached skill level 7 in Maces & Flails
  6117 | D:6      | Found a runed translucent door.
  6125 | D:6      | Noticed yrara's ghost (novice DsFi)
  6571 | D:7      | Noticed a rakshasa
  6580 | D:7      | Got a faintly glowing glass ring
  6631 | D:6      | Identified the ring of the Death Scarab {rF- Str+3 SInv
                  | Stlth--} (You found it on level 7 of the Dungeon)
  6655 | D:6      | Reached * piety under Qazlal
  6656 | D:6      | Reached skill level 8 in Maces & Flails
  6787 | D:6      | Reached skill level 9 in Maces & Flails
  6963 | D:7      | Killed a rakshasa
  6964 | D:7      | Reached skill level 11 in Maces & Flails
  7188 | D:7      | Reached ** piety under Qazlal
  7258 | D:7      | Reached XP level 10. HP: 103/103 MP: 10/10
  7261 | D:7      | Found a shadowy altar of Dithmenos.
  7372 | D:7      | Got a vibrating lead ring
  7374 | D:7      | Identified the ring of Brilliance {+Fly Int+2} (You found
                  | it on level 7 of the Dungeon)
  7622 | D:8      | Reached skill level 1 in Evocations
  7637 | D:8      | Found a flagged portal.
  7646 | Bailey   | Entered a bailey
  7796 | Bailey   | HP: 4/103 [orc warrior/+0 battleaxe (13)]
  7835 | Bailey   | Reached skill level 12 in Maces & Flails
  7884 | Bailey   | Noticed an orc warlord
  7902 | Bailey   | Slain by an orc warlord

Skill      XL: |  1  2  3  4  5  6  7  8  9 10 |
---------------+-------------------------------+-----
Stealth        | 4 |  4.0
Maces & Flails | 2 3 4 5 11 12 | 12.0
Fighting       | 2 4 5 |  5.0
Shields        | 1 3 6 8 |  8.0
Evocations     | 3 |  3.6
Dodging        | |  2.6

Action                   |  1- 3 |  4- 6 |  7- 9 | 10-12 || total
-------------------------+-------+-------+-------+-------++-------
Melee: Whip              |   144 |   124 |   639 |   173 ||  1080
 Fire: Blowgun           |     4 |       |       |       ||     4
Throw: Stone             |     5 |       |     7 |    13 ||    25
       Large rock        |       |     7 |    45 |       ||    52
Invok: Upheaval          |       |       |       |     6 ||     6
 Abil: Evoke Berserk Rag |       |       |       |     2 ||     2
Evoke: Wand              |       |       |     7 |    19 ||    26
  Use: Scroll            |       |     4 |     6 |     2 ||    12
       Potion            |       |       |     7 |     2 ||     9
 Stab: Sleeping          |     6 |     4 |     8 |       ||    18
       Distracted        |       |     1 |       |       ||     1
       Invisible         |       |       |       |     6 ||     6
  Eat: Chunk             |     6 |     9 |    13 |     6 ||    34
       Ration            |       |       |    11 |       ||    11
Armor: Skin              |    91 |   112 |   498 |    49 ||   750
Dodge: Dodged            |   116 |    33 |   119 |    39 ||   307
Block: Large shield      |       |    83 |   731 |   210 ||  1024
       Reflection        |       |     6 |     5 |     4 ||    15
